 Dungeon Crawl Stone Soup version 0.18.1-50-g88ac8fd (webtiles) character file.

185 spiff the Changer (level 5, 0/33 HPs)
             Began as an Octopode Transmuter on Sept 20, 2016.
             Slain by a crimson imp
             ... wielding a +2 dagger of chaos
              (5 damage)
             ... on level 3 of the Dungeon.
             The game lasted 00:10:16 (3305 turns).

spiff the Changer (Octopode Transmuter)             Turns: 3305, Time: 00:10:17

Health: 0/33       AC:  2    Str: 13    XL:     5   Next: 64%
Magic:  1/8        EV: 20    Int: 15    God:
Gold:   102        SH:  0    Dex: 19    Spells: 2 memorised, 4 levels left

rFire  . . .     SeeInvis +       - Unarmed
rCold  . . .     Gourm    .     (shield currently unavailable)
rNeg   . . .     Faith    .     (helmet currently unavailable)
rPois  x         Spirit   .     d - amulet of rage
rElec  .         Dismiss  .     m - +4 ring of strength
rCorr  .         Reflect  .     o - ring of see invisible
SustAt .         Harm     .     (no ring)
MR     .....                    (no ring)
Stlth  ++........               (no ring)
                                (no ring)
                                (no ring)
                                (no ring)

@: spider-form, very slightly contaminated, not resistant to hostile
enchantments, unstealthy
A: almost no armour, (amphibious), 8 rings, (constrict 8), (camouflage 0),
(gelatinous body 0)
a: End Transformation, Evoke Berserk Rage


You were on level 3 of the Dungeon.
You were very hungry.
You were a venomous arachnid creature.
You visited 1 branch of the dungeon, and saw 3 of its levels.

You collected 102 gold pieces.

Inventory:

Missiles
 a - 48 arrows
Jewellery
 d - an amulet of rage (around neck)
 m - a +4 ring of strength (left front leg)
 o - a ring of see invisible (right front leg)
Potions
 e - 3 potions of curing
 f - a potion of degeneration
 q - a potion of agility
Books
 b - a book of Changes

   Spells                             Type                      Level
   a - Beastly Appendage              Transmutation                1
   b - Sticks to Snakes               Transmutation                2
   c - Spider Form                    Transmutation/Poison         3
   d - Ice Form                       Ice/Transmutation            4
   e - Blade Hands                    Transmutation                5
Comestibles
 c - 3 bread rations
 g - a beef jerky
 i - 2 meat rations
 j - a royal jelly


   Skills:
 - Level 1.0 Fighting
 - Level 2.0 Dodging
 - Level 4.0 Unarmed Combat
 - Level 2.0 Spellcasting
 + Level 4.3 Transmutations
 + Level 2.6 Poison Magic


You had 4 spell levels left.
You knew the following spells:

 Your Spells              Type           Power        Failure   Level  Hunger
a - Beastly Appendage     Trmt           ##....       14%         1    #......
q - Spider Form           Trmt/Pois      ##........   41%         3    ###....


Dungeon Overview and Level Annotations

Branches:
Dungeon (3/15)

Altars:


Innate Abilities, Weirdness & Mutations

You cannot wear most types of armour.
((You are amphibious.))
You can wear up to eight rings at the same time.
((You can use your tentacles to constrict eight enemies at once.))
((Your skin changes colour to match your surroundings (Stealth).))
((Your rubbery body absorbs attacks (AC +1).))


Message History

You hit the crimson imp.
The crimson imp is moderately wounded.
The crimson imp hits you.
You bite the crimson imp!
The crimson imp looks even sicker.
The crimson imp is almost dead.
You kill the crimson imp!
Your transformation has ended.
The crimson imp hits you but does no damage.
You suddenly lose the ability to move!
The crimson imp hits you with a dagger of chaos.
You are electrocuted!
Ouch! That really hurt!
* * * LOW HITPOINT WARNING * * *
The crimson imp hits you but does no damage.
You can move again.
Casting: Spider Form
Confirm with . or Enter, or press ? or * to list all spells.
You turn into a venomous arachnid creature.
The crimson imp hits you with a dagger of chaos.
You die...

# .. ##.# ##...#
....# ##.#.#
####?...####
..####...s.......
#...)..<.5.#####.
####.#(....# #
#.......#
...?####...
.....# ###
..#.### .##. ..
..


You could see a crimson imp.

Vanquished Creatures
  2 crimson imps (D:3)
  A jelly (D:2)
  2 adders (D:2)
  3 worms (D:2)
  A giant gecko (D:1)
  An orc (D:2)
  6 giant cockroaches
  7 goblins
  13 hobgoblins
  2 jackals (D:2)
  A quokka (D:2)
  4 bats
  2 giant newts (D:1)
  4 kobolds
  7 rats (D:1)
56 creatures vanquished.

Notes
Turn   | Place    | Note
--------------------------------------------------------------
     0 | D:1      | spiff the Octopode Transmuter began the quest for the Orb.
     0 | D:1      | Reached XP level 1. HP: 13/13 MP: 3/3
   645 | D:1      | Reached XP level 2. HP: 17/18 MP: 1/5
  1332 | D:1      | Reached XP level 3. HP: 23/23 MP: 3/6
  2322 | D:2      | Learned a level 3 spell: Spider Form
  2422 | D:2      | Reached XP level 4. HP: 24/28 MP: 3/7
  2974 | D:2      | Reached skill level 1 in Poison Magic
  3208 | D:2      | Reached XP level 5. HP: 33/33 MP: 6/8
  3302 | D:3      | Paralysed by a crimson imp for 3 turns
  3305 | D:3      | Slain by a crimson imp

Skill      XL: |  1  2  3  4  5 |
---------------+----------------+-----
Transmutations | 3 4 |  4.3
Unarmed Combat | 4 |  4.0
Poison Magic   | 1 2 |  2.6
Fighting       | |  1.0
Dodging        | |  2.0
Spellcasting   | |  2.0

Action                   |  1- 3 |  4- 6 || total
-------------------------+-------+-------++-------
Melee: Unarmed           |   102 |    50 ||   152
       Kick              |    24 |     6 ||    30
       Constrict         |    22 |     8 ||    30
       Tentacles         |     8 |     3 ||    11
 Cast: Beastly Appendage |    20 |     6 ||    26
       Spider Form       |     1 |     5 ||     6
  Use: Scroll            |       |     6 ||     6
 Stab: Sleeping          |     4 |     2 ||     6
  Eat: Chunk             |     5 |     3 ||     8
Armor: Skin              |     5 |     2 ||     7
Dodge: Dodged            |    56 |    39 ||    95
